 Seeded DCSS version 0.29-a0-1033-gb6c65ffae6 (webtiles) character file.

Game seed: 4365790799575394022 (custom seed)

182 purpskrrrp the Schismatic (level 5, -20/42 HPs)
             Began as a Demonspawn Abyssal Knight on Aug 15, 2022.
             Was an Elder of Lugonu.
             Killed from afar by a steam dragon (23 damage)
             ... with a ball of steam
             ... on level 4 of the Dungeon.
             The game lasted 00:08:20 (2860 turns).

purpskrrrp the Schismatic (DsAK)                    Turns: 2860, Time: 00:08:23

Health: -20/42     AC: 10    Str: 14    XL:     5   Next: 35%
Magic:  5/7        EV: 11    Int: 11    God:    Lugonu [****..]
Gold:   72         SH:  0    Dex: 15    Spells: 4/4 levels left

rFire   . . .      SeeInvis .   a - +1 falchion
rCold   . . .      Faith    .   (no shield)
rNeg    . . .      Spirit   .   f - +0 ring mail
rPois   +          Reflect  .   k - +1 helmet
rElec   .          Harm     .   h - +0 cloak
rCorr   .          Rampage  .   (no gloves)
Will    .....                   (no boots)
Stlth   +.........              (no amulet)
HPRegen 0.14/turn               d - ring of poison resistance
MPRegen 0.10/turn               (no ring)

@: no status effects
A: thin metallic scales 1, powered by death 1, weakness stinger 1
a: Renounce Religion, Depart the Abyss, Bend Space, Banish, Corrupt


You were on level 4 of the Dungeon.
You worshipped Lugonu.
Lugonu was greatly pleased with you.
You visited 1 branch of the dungeon, and saw 4 of its levels.
You visited the Abyss 1 time.

You collected 72 gold pieces.

Inventory:

Hand Weapons
 a - a +1 falchion (weapon)
Missiles
 m - 4 javelins
 s - 2 silver boomerangs
Armour
 b - a +0 leather armour
 f - a +0 ring mail (worn)
 h - a +0 cloak (worn)
 k - a +1 helmet (worn)
Jewellery
 d - a ring of poison resistance (left hand)
Scrolls
 e - a scroll of teleportation
 o - a scroll of blinking {unknown}
 p - a scroll of fear {unknown}
Potions
 g - a potion of attraction {unknown}
 i - a potion of lignification {unknown}
 l - 2 potions of brilliance {unknown}
 q - a potion of mutation {unknown}
 r - a potion of cancellation {unknown}


   Skills:
 + Level 3.8 Fighting
 + Level 2.7 Long Blades
 + Level 2.6 Armour
 + Level 2.2 Dodging
 + Level 3.9 Invocations


You had 4 spell levels left.
You didn't know any spells.
Your spell library contained the following spells:

 Spells                   Type           Power      Damage    Failure   Level
 Shock                    Conj/Air       0%         1d3       56%         1
 Summon Small Mammal      Summ           0%         N/A       56%         1
 Call Canine Familiar     Summ           0%         N/A       91%         3
 Summon Guardian Golem    Hex/Summ       0%         N/A       91%         3
 Swiftness                Air            0%         N/A       91%         3
 Airstrike                Air            0%         2d(0-16)  100%        4


Dungeon Overview and Level Annotations

Branches:
Dungeon (4/15)
 Temple: D:4-7

Altars:
Cheibriados

Shops:
D:1 [   D:2 *


Innate Abilities, Weirdness & Mutations

You are partially covered in thin metallic scales. (AC +2)
You regenerate a little health from kills.
You have a small tail.


Message History

The steam dragon claws you but does no damage.
You see here a scroll of identify.
The steam dragon attacks as you move away!
The steam dragon bites you.
* * * LOW HITPOINT WARNING * * *
The steam dragon barely misses you.
You feel better.
The steam dragon bites you but does no damage.
The steam dragon claws you but does no damage.
Activating: Bend Space (1% risk of failure)
Press: ? - help, Q - select action, (/) - cycle Dir - look around, f - activate Space bends violently around you!
You blink.
You hit the steam dragon.
The steam dragon is heavily wounded.
The steam dragon breathes steam at you. The ball of steam hits you!
* * * LOW HITPOINT WARNING * * *
Okay, then.
The steam dragon attacks as you move away!
The steam dragon barely misses you. x2
Activating: Bend Space (1% risk of failure)
Press: ? - help, Q - select action, (/) - cycle Dir - look around, f - activate Space bends violently around you!
You blink.
Okay, then.
As you read the scroll of butterflies, it crumbles to dust.
You hear the tinkle of a tiny bell.
You hear the slow hiss of a very distant avalanche of sand.
The steam dragon barely misses your butterfly. x2
You swap places.
The steam dragon bites your butterfly!
Your butterfly dies!
Your butterfly disappears in a burst of colours!
You swap places.
The steam dragon breathes steam at you. The ball of steam hits your butterfly!!
Your butterfly dies!
Your butterfly disappears in a burst of colours!
The ball of steam misses your butterfly.
The ball of steam hits you!!
Ouch! That really hurt!
You die...

#..........###..######
#.....###.......#
######..# #.......#
######.## ## #.# #.#
#.# #.## #.#
###@########.# #
#...b§.D.b##.###.###
#.#.#####...?.......
#...## ###...##.###
##.# #.....# ...
##...## #.# ##.## #.
#.# # #.#


There were no monsters in sight!

Vanquished Creatures
  A hound (D:3)
  An iguana (D:4)
  3 adders
  3 worms
  9 orcs
  3 bats
  6 endoplasms
  3 giant cockroaches
  5 goblins (D:1)
  6 hobgoblins
  8 jackals
  8 kobolds
  4 quokkas
  3 ball pythons
  6 frilled lizards
  11 rats
80 creatures vanquished.

Vanquished Creatures (others)
  2 plants (D:1)
2 creatures vanquished.

Grand Total: 82 creatures vanquished

Notes
Turn   | Place    | Note
-------+----------+-------------------------------------------
     0 | Abyss:1  | purpskrrrp the Demonspawn Abyssal Knight began the quest
                  | for the Orb.
     0 | Abyss:1  | Reached XP level 1. HP: 18/18 MP: 2/2
     1 | D:1      | Escaped the Abyss
    37 | D:1      | Reached skill level 1 in Dodging
   291 | D:1      | Gained mutation: You have a small tail. [demonic ancestry]
   291 | D:1      | Reached XP level 2. HP: 24/24 MP: 4/4
   342 | D:1      | Found Jauteuqu's Antique Armour Boutique.
   855 | D:1      | Reached *** piety under Lugonu
   858 | D:1      | Gained mutation: You are partially covered in thin metallic
                  | scales. (AC +2) [demonic ancestry]
   858 | D:1      | Reached XP level 3. HP: 22/29 MP: 5/5
  1136 | D:2      | Found a faded altar of an unknown god.
  1431 | D:2      | Found Watizay's Assorted Antiques.
  1957 | D:3      | Reached XP level 4. HP: 25/35 MP: 6/6
  2283 | D:3      | Found a snail-covered altar of Cheibriados.
  2544 | D:3      | Gained mutation: You regenerate a little health from kills.
                  | [demonic ancestry]
  2544 | D:3      | Reached XP level 5. HP: 42/42 MP: 7/7
  2755 | D:4      | Reached **** piety under Lugonu
  2836 | D:4      | Noticed a steam dragon
  2860 | D:4      | Killed from afar by a steam dragon

Illustrated notes

Levels and vault maps discovered:
D:1:      onia_arrival_pyramid, layout_loops_ring, serial_shops,
          nicolae_shop_overgrown_old_shop
D:2:      layout_loops_ring, serial_shops, nicolae_shop_waterfront,
          ebering_ecumenical_altar_sacrificial
D:3:      layout_basic, cheibrodos_worm_habitat
D:4:      layout_loops_corners, kennysheep_mini, nicolae_ossuary_entry_ruins,
          uniq_natasha

Skill      XL: |  1  2  3  4 |
---------------+-------------+-----
Dodging        | 1 2 |  2.2
Long Blades    | 2 |  2.7
Armour         | 2 |  2.6
Invocations    | 3 |  3.9
Fighting       | |  3.8

Action                   |  1- 3 |  4- 6 || total
-------------------------+-------+-------++-------
Melee: Falchion          |   145 |    89 ||   234
       Tailslap          |    17 |    10 ||    27
       Punch             |     2 |     2 ||     4
Invok: Bend Space        |       |     2 ||     2
  Use: Scroll            |     6 |     1 ||     7
       Potion            |       |     3 ||     3
Armor: Leather armour    |     3 |       ||     3
       Ring mail         |    57 |    60 ||   117
Dodge: Dodged            |    90 |    72 ||   162

Table legend: (Time is in decaauts)
 A = Elapsed time spent in this place.
 B = Non-inter-level travel time spent in this place.
 C = Inter-level travel time spent in this place.
 D = Time resting spent in this place.
 E = Time spent auto-exploring this place.
 F = Levels seen in this place.
 G = Mean time per level.
                   A        B        C        D        E       F      G
               +--------+--------+--------+--------+--------+-----+--------+
         Total |   2912 |   2748 |    164 |    403 |   1757 |   5 |  582.4 |
       Dungeon |   2911 |   2747 |    164 |    403 |   1757 |   4 |  727.8 |
         Abyss |      1 |      1 |      0 |      0 |      0 |   1 |    1.0 |
               +--------+--------+--------+--------+--------+-----+--------+

Top non-repeatable levels by time:
     D:1: 1067 daAuts
     D:2: 890 daAuts
     D:3: 799 daAuts
     D:4: 154 daAuts
 Abyss:1: 1 daAuts
